 Dungeon Crawl Stone Soup version 0.29.1-13-g9f3cf754e1 (webtiles) character file.

Game seed: 15225589343110346537

1545 DoIIoM the Caller (level 8, -4/56 HPs)
             Began as an Octopode Summoner on Jan 20, 2023.
             Was an Initiate of Vehumet.
             Engulfed by their own flame (17 damage)
             ... on level 6 of the Dungeon.
             The game lasted 00:14:50 (7363 turns).

DoIIoM the Caller (Octopode Summoner)               Turns: 7363, Time: 00:14:51

Health: -4/56      AC:  5    Str: 12 (13) XL:     8   Next: 87%
Magic:  4/16       EV: 13    Int: 18 (19) God:    Vehumet [......]
Gold:   332        SH:  0    Dex: 13      Spells: 5/18 levels left

rFire   . . .      SeeInvis .   y - +4 mace
rCold   . . .      Faith    .   (no shield)
rNeg    . . .      Spirit   .   (helmet restricted)
rPois   +          Reflect  .   (no amulet)
rElec   .          Harm     .   g - ring of poison resistance
rCorr   .          Rampage  .   k - +4 ring of protection
Will    .....                   l - ring of flight
Stlth   +++.......              w - +6 ring of strength
HPRegen 0.18/turn               (no ring)
MPRegen 0.15/turn               (no ring)
                                (no ring)
                                (no ring)

@: flying
A: almost no armour, amphibious, 8 rings, camouflage 1, gelatinous body 1,
(nimble swimmer 1), tentacles
a: Renounce Religion


You were on level 6 of the Dungeon.
You worshipped Vehumet.
Vehumet was noncommittal.
You visited 2 branches of the dungeon, and saw 7 of its levels.

You collected 332 gold pieces.

Inventory:

Hand Weapons
 b - a +2 short sword of speed
 y - a +4 mace (weapon)
Magical Staves
 z - a staff of fire
Jewellery
 g - a ring of poison resistance (left tentacle)
 k - a +4 ring of protection (right tentacle)
 l - a ring of flight (on tentacle)
 w - a +6 ring of strength (on tentacle)
 x - a +6 ring of strength
Wands
 p - a wand of roots (13)
Scrolls
 e - a scroll of noise {unknown}
 f - a scroll of enchant armour {unknown}
 i - a scroll of amnesia {unknown}
 n - a scroll of acquirement {unknown}
 o - 3 scrolls of teleportation {unknown}
 q - 2 scrolls of butterflies {unknown}
 r - 3 scrolls of poison
 s - a scroll of blinking {unknown}
 t - a scroll of magic mapping {unknown}
Potions
 a - a potion of magic
 c - a potion of might
 d - 2 potions of flight
 h - 3 potions of degeneration
 j - a potion of mutation {unknown}
 m - a potion of heal wounds
 u - a potion of curing {unknown}
 v - 3 potions of lignification {unknown}
 A - a potion of attraction {unknown}


   Skills:
 + Level 5.5 Fighting
 - Level 2.0 Dodging
 - Level 3.0 Stealth
 + Level 5.6 Spellcasting
 + Level 7.1 Summonings
 + Level 3.5 Air Magic


You had 5 spell levels left.
You knew the following spells:

 Your Spells              Type           Power      Damage    Failure   Level
a - Summon Small Mammal   Summ           100%       N/A       1%          1
b - Call Imp              Summ           30%        N/A       1%          2
c - Call Canine Familiar  Summ           30%        N/A       1%          3
d - Summon Guardian Gole  Hex/Summ       17%        N/A       9%          3
e - Summon Lightning Spi  Summ/Air       24%        N/A       14%         4

Your spell library contained the following spells:

 Spells                   Type           Power      Damage    Failure   Level
 Magic Dart               Conj           20%        1d4       13%         1
 Sandblast                Erth           10%        2d5       13%         1
 Passwall                 Tmut/Erth      4%         N/A       19%         2
 Mephitic Cloud           Conj/Pois/Air  9%         N/A       22%         3
 Portal Projectile        Hex/Tloc       10%        N/A       36%         3
 Stone Arrow              Conj/Erth      10%        3d7       36%         3
 Tukima's Dance           Hex            5%         N/A       36%         3
 Leda's Liquefaction      Hex/Erth       2%         N/A       77%         4
 Blade Hands              Tmut           2%         N/A       98%         5
 Storm Form               Tmut/Air       5%         N/A       100%        7
 Maxwell's Capacitive Co  Air            8%         ∞         100%        8


Dungeon Overview and Level Annotations

Branches:
Dungeon (6/15)             Temple (1/1) D:5

Altars:
Ashenzari
Cheibriados
Dithmenos
Fedhas
Gozag
Kikubaaqudgha
Nemelex Xobeh
Okawaru
Qazlal
Ru
Trog
Vehumet
Wu Jian
Xom
Zin
The Shining One

Shops:
D:3 ?   D:6 *

Annotations:
D:2 1 runed translucent door, Crazy Yiuf
D:4 2 transporters, mys's ghost, amateur DrTm


Innate Abilities, Weirdness & Mutations

You cannot wear most types of armour.
You are amphibious.
You can wear up to eight rings at the same time.
Your skin changes colour to match your surroundings (Stealth+).
Your rubbery body absorbs attacks. (AC +1, EV +1)
((You are camouflaged when in or above water. (Stealth+)))
You have tentacles for arms and can constrict up to eight enemies at once.


Message History

Your hound dies!
Your hound's corpse disappears in a puff of smoke!
Casting: Summon Guardian Golem (dangerous; 9% risk of failure)
Confirm with . or Enter, or press ? or * to list all spells.
A beastly little devil appears in a puff of frigid air.
Casting: Call Imp (safe; 1% risk of failure)
Confirm with . or Enter, or press ? or * to list all spells.
The gnoll sergeant closely misses your hound.
The gnoll sergeant hits your hound with a +4 trident of protection.
Your hound bites the gnoll sergeant but does no damage.
Your magical contamination has completely faded away.
Your hound bites the gnoll sergeant but does no damage.
The gnoll sergeant hits your hound with a +4 trident of protection.
Your hound bites the gnoll sergeant.
The gnoll sergeant hits your hound with a +4 trident of protection!!
Your hound bites the gnoll sergeant.
Your guardian golem overheats!
Your hound bites the gnoll sergeant but does no damage.
The gnoll sergeant completely misses your hound.
Your hound bites the gnoll sergeant but does no damage.
The gnoll sergeant hits your hound with a +4 trident of protection!
Your hound dies!
Your hound's corpse disappears in a puff of smoke!
Flame seeps out of your guardian golem.
Your guardian golem is engulfed in blazing flames.
Your guardian golem disappears in a puff of smoke!
Your guardian golem explodes!
The fiery explosion engulfs your white imp!!
Your white imp is burned terribly!
Your white imp dies!
Your white imp disappears in a puff of smoke!
The fiery explosion engulfs you!!
Unknown command.
You are engulfed in blazing flames.
* * * LOW HITPOINT WARNING * * *
Casting: Call Canine Familiar (safe; 1% risk of failure)
Confirm with . or Enter, or press ? or * to list all spells.
A beastly little devil appears in a puff of flame.
You are engulfed in blazing flames.
You die...

≈≈~≈≈≈~~.........###..######.#.#
#≈≈≈≈≈#≈...................#.#.#
#≈###≈#≈#.###.#######.######.#.#
#≈≈≈≈≈#≈#.# #.# #.# #...#
≈≈≈≈≈~~~#.# #.# #.########.#
####......# #.# #..........#
######## #.# ############
#.############ #..§@§5gg.g..#
############... # . #


You could see a gnoll sergeant (ally target), 2 gnolls and a friendly crimson
imp (summoned).

Vanquished Creatures
  2 water moccasins (D:6)
  2 phantoms
  3 scorpions
  An electric eel (D:6)
  A hound (D:6)
  A jelly (D:5)
  4 iguanas
  Jessica (D:2)
  Terence (D:2)
  An orc wizard (D:6)
  6 adders
  3 gnolls (D:4)
  A worm (D:2)
  3 dart slugs (D:3)
  11 orcs
  4 endoplasms
  2 giant cockroaches
  7 goblins
  5 hobgoblins
  2 jackals (D:4)
  5 ball pythons
  6 bats
  6 frilled lizards
  5 kobolds
  7 rats
90 creatures vanquished.

Vanquished Creatures (collateral kills)
  3 ogres
  A scorpion (D:4)
  A hound (D:5)
  2 orc priests
  An iguana (D:5)
  2 orc wizards
  4 gnolls
  An adder (D:3)
  A white imp (D:4)
  A dart slug (D:3)
  6 orcs
  2 endoplasms (D:3)
  2 giant cockroaches
  A goblin (D:1)
  A hobgoblin (D:3)
  2 kobolds
  2 ball pythons
  3 rats
36 creatures vanquished.

Vanquished Creatures (others)
  A gnoll (D:4)
1 creature vanquished.

Grand Total: 127 creatures vanquished

Notes
Turn   | Place    | Note
-------+----------+-------------------------------------------
     0 | D:1      | DoIIoM the Octopode Summoner began the quest for the Orb.
     0 | D:1      | Reached XP level 1. HP: 11/11 MP: 3/3
   293 | D:1      | Reached XP level 2. HP: 11/18 MP: 5/5
   441 | D:1      | Learned a level 2 spell: Call Imp
   747 | D:1      | You fall into a shaft and drop 1 floor!
   778 | D:2      | Noticed Jessica
   823 | D:2      | Reached skill level 1 in Fighting
   970 | D:2      | Noticed Terence
  1063 | D:1      | Reached XP level 3. HP: 23/23 MP: 6/6
  1430 | D:1      | Found a faded altar of an unknown god.
  1830 | D:2      | Killed Jessica
  1831 | D:2      | Reached XP level 4. HP: 28/28 MP: 6/8
  2005 | D:2      | Killed Terence
  2295 | D:2      | Found a runed translucent door.
  2296 | D:2      | Noticed Crazy Yiuf
  2688 | D:2      | Learned a level 3 spell: Call Canine Familiar
  2838 | D:3      | Reached XP level 5. HP: 29/34 MP: 4/9
  2917 | D:3      | Learned a level 3 spell: Summon Guardian Golem
  3097 | D:3      | Found Dorhaok's Magic Scroll Shoppe.
  3348 | D:3      | Reached skill level 5 in Summonings
  4094 | D:4      | Reached XP level 6. HP: 41/41 MP: 9/11
  4515 | D:4      | Reached XP level 7. HP: 46/46 MP: 6/13
  5022 | D:4      | Noticed mys's ghost (amateur DrTm)
  5024 | D:4      | Found a transporter.
  5202 | D:4      | Found a transporter.
  5277 | D:4      | Learned a level 4 spell: Summon Lightning Spire
  5304 | D:5      | Entered Level 5 of the Dungeon
  5428 | D:5      | Found an iron altar of Okawaru.
  5442 | D:5      | Reached skill level 6 in Summonings
  5451 | D:5      | Reached skill level 1 in Air Magic
  5902 | D:5      | Found a staircase to the Ecumenical Temple.
  5918 | D:5      | Reached XP level 8. HP: 47/54 MP: 13/15
  5920 | Temple   | Entered the Ecumenical Temple
  5925 | Temple   | Became a worshipper of Vehumet
  6216 | D:5      | Reached skill level 5 in Spellcasting
  6656 | D:6      | Reached skill level 5 in Fighting
  6997 | D:6      | Found Vonaec's Assorted Antiques.
  7135 | D:6      | Reached skill level 7 in Summonings
  7363 | D:6      | Engulfed by their own flame

Illustrated notes

Levels and vault maps discovered:
D:1:      lemuel_arrival_cross, layout_basic, dreamdust_ecumenical_altar_grove,
          serial_bayou_ford_a
D:2:      layout_rooms, serial_forest, infiniplex_forest_straight_5,
          infiniplex_forest_clump_medium, infiniplex_forest_clump_curved,
          infiniplex_forest_end_1, infiniplex_forest_corner_1,
          infiniplex_forest_clump_large, grunt_ministairs_8, uniq_jessica,
          uniq_crazy_yiuf_cottage, uniq_terence
D:3:      layout_loops_ring, serial_shops, nicolae_diamond_shop
D:4:      layout_loops_ring, gammafunk_ghost_smash, patterned_corridor
D:5:      layout_basic, amcnicky_altar_gilded, minmay_temple_entry_mini_moons
D:6:      layout_loops_ring, serial_shops, shop, minmay_crystal_water,
          grunt_decor_fettered, hangedman_decor_lopped
Temple:   minmay_freezing_vapour_temple

Skill      XL: |  1  2  3  4  5  6  7  8 |
---------------+-------------------------+-----
Stealth        | 3 |  3.0
Fighting       | 1 2 3 4 5 |  5.5
Spellcasting   | 3 4 5 |  5.6
Summonings     | 5 6 7 |  7.1
Air Magic      | 1 3 |  3.5
Dodging        | |  2.0

Action                   |  1- 3 |  4- 6 |  7- 9 || total
-------------------------+-------+-------+-------++-------
Melee: Unarmed           |    12 |       |       ||    12
       Tentacles         |    14 |    17 |    24 ||    55
       Constrict         |    12 |    27 |    18 ||    57
       Short sword       |    48 |   130 |    38 ||   216
       Punch             |     1 |     1 |     1 ||     3
       Mace              |       |       |    35 ||    35
 Cast: Summon Small Mamm |     6 |     4 |       ||    10
       Call Imp          |       |    21 |    16 ||    37
       Call Canine Famil |       |     6 |    13 ||    19
       Summon Guardian G |       |     1 |     5 ||     6
  Use: Scroll            |       |     5 |     1 ||     6
       Potion            |       |       |     2 ||     2
 Stab: Sleeping          |     8 |     6 |     5 ||    19
       Distracted        |       |     1 |     1 ||     2
Armor: Skin              |     3 |    24 |     9 ||    36
Dodge: Dodged            |    27 |    73 |    33 ||   133
